 Dungeon Crawl Stone Soup version 0.31-a0-1002-g8e65716e6e (webtiles) character file.

Game seed: 10032460497732643675

5374 junkdod the Grappler (level 10, -19/109 HPs)
             Began as a Troll Berserker on Nov 10, 2023.
             Was a Believer of Trog.
             Shot with an arrow by a centaur warrior (20 damage)
             ... on level 9 of the Dungeon.
             The game lasted 00:31:56 (8248 turns).

junkdod the Grappler (Troll Berserker)              Turns: 8248, Time: 00:31:59

Health: -19/109    AC:  4    Str: 31    XL:     10   Next: 39%
Magic:  0/9        EV: 10    Int:  3    God:    Trog [**....]
Gold:   381        SH:  0    Dex:  9    Spells: 9/9 levels left

rFire   + .          .
                       - Unarmed
rCold   . . .        (no shield)
rNeg    . . .        a - +0 animal skin
rPois   .            (helmet restricted)
rElec   .            (no cloak)
rCorr   .            (gloves unavailable)
SInv    .            (boots unavailable)
Will    +....        B - amulet of guardian spirit
Stlth   +            q - ring of willpower
HPRegen 1.18/turn    u - ring of protection from fire
MPRegen 0.11/turn

%: guardian spirit
@: on berserk cooldown, slowed, very slow
A: large, unfitting armour, claws 3, regeneration 1, shaggy fur 1, tough skin 1
a: Renounce Religion, Berserk, Trog's Hand


You were on level 9 of the Dungeon.
You worshipped Trog.
Trog was pleased with you.
You visited 1 branch of the dungeon, and saw 9 of its levels.

You collected 433 gold pieces.
You spent 52 gold pieces at shops.

Inventory:

Missiles
 o - 7 boomerangs
 E - 3 throwing nets
Armour
 a - a +0 animal skin (worn)
 b - a +0 leather armour
 j - a +0 plate armour
 k - a +0 helmet
 y - a +0 pair of boots
 C - the +5 ring mail of the Pink Corner {Fly rPois Will- Regen+}
   (You found it on level 5 of the Dungeon)

   rPois:     It protects you from poison Will-: It decreases your willpower.
   Fly:       It grants you flight.
   Regen+:    It increases your rate of health regeneration.
Jewellery
 q - a ring of willpower (left claw)
 u - a ring of protection from fire (right claw)
 B - an amulet of guardian spirit (around neck)
Talismans
 d - a flux talisman
 K - a granite talisman
Wands
 v - a wand of charming (7)
 x - a wand of mindburst (12)
 H - a wand of roots (3)
Scrolls
 c - 4 scrolls of torment {unknown}
 f - 6 scrolls of identify {unknown}
 g - 2 scrolls of vulnerability {unknown}
 h - a scroll of immolation {unknown}
 i - 3 scrolls of enchant armour {unknown}
 r - 2 scrolls of blinking {unknown}
 t - 4 scrolls of amnesia {unknown}
 w - 3 scrolls of enchant weapon {unknown}
 A - 2 scrolls of teleportation {unknown}
 D - a scroll of revelation {unknown}
 G - 2 scrolls of poison {unknown}
 L - a scroll of fear {unknown}
Potions
 e - a potion of brilliance {unknown}
 l - a potion of attraction {unknown}
 m - 2 potions of might
 n - 2 potions of curing {unknown}
 p - a potion of enlightenment {unknown}
 s - 2 potions of heal wounds {unknown}
 z - 2 potions of invisibility {unknown}
 F - a potion of haste {unknown}
 I - 3 potions of berserk rage {unknown}
 J - a potion of resistance {unknown}


   Skills:
 + Level 9.6 Fighting
 - Level 2.4 Dodging
 + Level 11.4 Unarmed Combat


You had 9 spell levels left.
You didn't know any spells.
Your spell library contained the following spells:

 Spells                   Type           Power      Damage    Failure   Level
 Ensorcelled Hibernation  Hex/Ice        0%         N/A       67%         2
 Jinxbite                 Hex            0%         N/A       67%         2
 Call Canine Familiar     Summ           0%         N/A       88%         3
 Sigil of Binding         Hex            0%         N/A       88%         3
 Anguish                  Hex/Necr       0%         N/A       99%         4
 Dimensional Bullseye     Hex/Tloc       0%         N/A       99%         4
 Leda's Liquefaction      Hex/Erth       0%         N/A       99%         4


Dungeon Overview and Level Annotations

Branches:
Dungeon (9/15)             Temple (0/1) D:5
   Lair: D:8-11         Orc: D:9-12

Altars:
Ru
Vehumet
Xom

Shops:
D:6 !


Innate Abilities, Weirdness & Mutations

You are too large for most types of armour.
You have claws for hands.
Your natural rate of healing is unusually fast.
You are covered in fur. (AC +1)
You have tough skin. (AC +1)


Message History

The skeletal warrior barely misses you.
You scratch the skeletal warrior but do no damage.
The skeletal warrior is moderately damaged.
An acid dragon comes into view.
The skeletal warrior hits you with a +1 vampiric battleaxe!!
You barely miss the skeletal warrior.
The skeletal warrior is moderately damaged.
The skeletal warrior hits you with a +1 vampiric battleaxe!
The skeletal warrior draws strength from your wounds!
You claw the skeletal warrior!
The skeletal warrior is moderately damaged.
The skeletal warrior closely misses you.
A centaur warrior comes into view.
The skeletal warrior barely misses you.
You closely miss the skeletal warrior.
The skeletal warrior is moderately damaged.
The centaur warrior wields a +0 orcbow.
The centaur warrior shoots an arrow.
The arrow hits you! The acid dragon bites you.
The acid dragon claws you but does no damage.
The skeletal warrior hits you with a +1 vampiric battleaxe!!
* * * LOW HITPOINT WARNING * * *
The skeletal warrior draws strength from your wounds!
The centaur warrior shoots an arrow.
The arrow hits you.
* * * LOW HITPOINT WARNING * * *
You hear a shout!
You claw the skeletal warrior!
The skeletal warrior is heavily damaged.
The centaur warrior shoots an arrow.
The arrow completely misses you. The acid dragon closely misses you.
The acid dragon misses you.
The skeletal warrior hits you with a +1 vampiric battleaxe!
* * * LOW HITPOINT WARNING * * *
The skeletal warrior draws strength from your wounds!
You mangle the skeletal warrior!!
The skeletal warrior is severely damaged.
The acid dragon spits acid at you. The splash of acid hits you!
* * * LOW HITPOINT WARNING * * *
The skeletal warrior closely misses you.
The centaur warrior shoots an arrow.
The arrow hits you!!
You die...

#.#####.##
.###y###..##......... #.......#
#.#QBY#....#...###### ####...##
.##Y##..c.##...##### ##...#
..#u#...#..#....#... #...##
.###......##.#.#.##
#...#.######.#...#.# #.......
#..###.......#...... ##......
#..#########.D..#.#.# #....##
##..#.......).@z...... #.....>
#....###################.......
#.#.......................#.##.
#.####.############.##.#.##.. .
###.# #.# #.##.#.###... #...#
#.## #......# ... #.### #..#
####.### #.# ##.### #.#### #.##
#...### #....#


You could see a boulder beetle, a white ugly thing, a skeletal warrior, a
centaur warrior, 2 yaks, a tengu conjurer and an acid dragon (catching breath).

Vanquished Creatures
  A cyclops (D:7)
  A troll (D:9)
  Prince Ribbit (D:8)
  A slime creature (D:7)
  A vampire (D:7)
  A wraith (D:7)
  4 yaks (D:8)
  2 steam dragons (D:8)
  4 vampire mosquitoes (D:8)
  Edmund (D:5)
  3 water moccasins
  4 ice beasts
  A black bear (D:6)
  An ogre (D:5)
  Blork the orc (D:5)
  A phantom (D:6)
  A bullfrog (D:8)
  4 kobold brigands
  2 gnoll sergeants
  5 scorpions
  3 killer bees (D:8)
  2 howler monkeys (D:9)
  3 hounds
  A gnoll bouda (D:4)
  2 orc priests
  A sleepcap (D:6)
  6 iguanas
  3 orc wizards
  10 gnolls
  9 adders
  3 white imps
  2 ufetubi (D:5)
  A worm (D:2)
  2 dart slugs (D:2)
  13 orcs
  4 ball pythons
  5 endoplasms
  3 giant cockroaches
  8 goblins
  8 hobgoblins
  30 kobolds
  6 quokkas
  7 bats
  10 frilled lizards
  7 rats
189 creatures vanquished.

Notes
Turn   | Place    | Note
-------+----------+-------------------------------------------
     0 | D:1      | junkdod the Troll Berserker began the quest for the Orb.
     0 | D:1      | Reached XP level 1. HP: 22/22 MP: 0/0
   193 | D:1      | Reached XP level 2. HP: 29/29 MP: 1/1
   890 | D:2      | Reached XP level 3. HP: 33/37 MP: 2/2
   903 | D:2      | Reached ** piety under Trog
  1027 | D:2      | Found a faded altar of an unknown god.
  1324 | D:2      | Reached skill level 4 in Unarmed Combat
  1422 | D:2      | Identified the +10 sling "Feuvef" {antimagic, rCorr}
  1482 | D:2      | Reached XP level 4. HP: 45/45 MP: 3/3
  1975 | D:3      | Reached XP level 5. HP: 43/54 MP: 4/4
  2711 | D:4      | Reached skill level 5 in Unarmed Combat
  3068 | D:4      | Reached XP level 6. HP: 54/63 MP: 5/5
  3477 | D:5      | Entered Level 5 of the Dungeon
  3572 | D:5      | Found a sacrificial altar of Ru.
  3572 | D:5      | Found a shimmering altar of Xom.
  3691 | D:5      | Identified the +5 ring mail of the Pink Corner {Fly rPois
                  | Will- Regen+}
  3702 | D:5      | Noticed a water moccasin
  3715 | D:5      | Killed a water moccasin
  3716 | D:5      | Reached skill level 5 in Fighting
  3716 | D:5      | Reached skill level 6 in Unarmed Combat
  3716 | D:5      | Reached XP level 7. HP: 72/72 MP: 6/6
  3806 | D:5      | Noticed Blork the orc
  3819 | D:5      | Killed Blork the orc
  4263 | D:5      | Noticed Edmund
  4271 | D:5      | Killed Edmund
  4272 | D:5      | Reached skill level 7 in Unarmed Combat
  4312 | D:5      | Reached XP level 8. HP: 79/83 MP: 7/7
  4383 | D:5      | Found a staircase to the Ecumenical Temple.
  5019 | D:6      | Found Wuefru's Distillery.
  5096 | D:6      | Reached skill level 8 in Unarmed Combat
  5103 | D:6      | Bought a potion of might for 52 gold pieces
  5755 | D:7      | Reached XP level 9. HP: 69/93 MP: 6/8
  5910 | D:7      | Found a radiant altar of Vehumet.
  5922 | D:7      | Reached skill level 9 in Unarmed Combat
  6241 | D:7      | Noticed a cyclops
  6252 | D:7      | Killed a cyclops
  6660 | D:8      | Reached skill level 10 in Unarmed Combat
  7236 | D:8      | Reached XP level 10. HP: 107/107 MP: 5/9
  7334 | D:8      | Reached skill level 11 in Unarmed Combat
  7694 | D:8      | Noticed Prince Ribbit
  7707 | D:8      | Killed Prince Ribbit
  8231 | D:9      | Noticed a white ugly thing
  8231 | D:9      | Noticed a skeletal warrior
  8236 | D:9      | Noticed a boulder beetle
  8245 | D:9      | Noticed a centaur warrior
  8248 | D:9      | HP: 1/109 [acid dragon/splash of acid (11)]
  8248 | D:9      | Shot with an arrow by a centaur warrior

Illustrated notes

Levels and vault maps discovered:
D:1:      shiori_arrival_maze, layout_basic
D:2:      layout_loops_corners, basic_ecumenical_altar, serial_bayou_pond_b
D:3:      layout_loops_ring, minmay_lizard_king
D:4:      layout_loops_corners
D:5:      layout_basic, gammafunk_temple_overflow_elements,
          minmay_temple_entry_wispy, uniq_edmund, uniq_blork_the_orc
D:6:      layout_loops_cross, serial_shops, nicolae_shop_peninsula
D:7:      layout_loops_ring, lemuel_tele_altar, kb_rosetta
D:8:      layout_gridville, hangedman_decor_push, uniq_prince_ribbit1
D:9:      minmay_the_grid_triangle_9x9_recursive_2_mashed
          [minmay_the_grid_triangle_9x9_prize_top_heavy,
          minmay_the_grid_triangle_9x9_impossible_snake,
          minmay_the_grid_triangle_9x9_negative_grid,
          minmay_the_grid_triangle_9x9_descending_squares], layout_loops_cross,
          small_chamber_with_monster

Skill      XL: |  1  2  3  4  5  6  7  8  9 10 |
---------------+-------------------------------+-----
Fighting       | 3 4 5 6 7 9 |  9.6
Unarmed Combat | 4 5 6 7 8 10 11 | 11.4
Dodging        | |  2.4

Action                     |  1- 3 |  4- 6 |  7- 9 | 10-12 || total
---------------------------+-------+-------+-------+-------++-------
  Melee: Unarmed           |   110 |   144 |   181 |    63 ||   498
         Punch             |     1 |       |     9 |     1 ||    11
 Invoke: Berserk           |     2 |     4 |    11 |     4 ||    21
         Trog's Hand       |       |     4 |     8 |     4 ||    16
   Stab: Sleeping          |     1 |       |       |       ||     1
 Armour: Animal skin       |    68 |   120 |   157 |    47 ||   392
  Dodge: Dodged            |    47 |    88 |    81 |    32 ||   248

Table legend: (Time is in decaauts)
 A = Elapsed time spent in this place.
 B = Non-inter-level travel time spent in this place.
 C = Inter-level travel time spent in this place.
 D = Time resting spent in this place.
 E = Time spent auto-exploring this place.
 F = Levels seen in this place.
 G = Mean time per level.
                   A        B        C        D        E       F      G
               +--------+--------+--------+--------+--------+-----+--------+
         Total |   8355 |   4281 |   4074 |   1079 |   2112 |   9 |  928.3 |
       Dungeon |   8355 |   4281 |   4074 |   1079 |   2112 |   9 |  928.3 |
               +--------+--------+--------+--------+--------+-----+--------+

Top non-repeatable levels by time:
     D:8: 1360 daAuts
     D:5: 1284 daAuts
     D:2: 982 daAuts
     D:6: 935 daAuts
     D:4: 932 daAuts
     D:7: 901 daAuts
     D:1: 789 daAuts
     D:3: 782 daAuts
     D:9: 386 daAuts
